 Dungeon Crawl Stone Soup version 0.31-a0-187-gba352fbbf7 (webtiles) character file.

Game seed: 7089257810746408000

144 qw the Skirmisher (level 5, -1/29 HPs)
             Began as a Deep Elf Hunter on June 22, 2023.
             Slain by a steam dragon (6 damage)
             ... on level 3 of the Dungeon.
             The game lasted 00:00:45 (1798 turns).

qw the Skirmisher (Deep Elf Hunter)                 Turns: 1798, Time: 00:00:46

Health: -1/29      AC:  3    Str: 10    XL:     5   Next: 5%
Magic:  7/7        EV: 17    Int: 14    God:
Gold:   201        SH:  0    Dex: 18    Spells: 4/4 levels left

rFire   . . .        Y - +0 shortbow
rCold   . . .        (shield currently unavailable)
rNeg    . . .        c - +0 leather armour
rPois   +            (no helmet)
rElec   .            (no cloak)
rCorr   .            (no gloves)
SInv    .            (no boots)
Will    .....        (no amulet)
Stlth   ++           d - ring of poison resistance
HPRegen 0.24/turn    g - +5 ring of evasion
MPRegen 0.10/turn

%: no passive effects
@: no status effects
A: no striking features
a: no special abilities


You were on level 3 of the Dungeon.
You visited 1 branch of the dungeon, and saw 3 of its levels.

You collected 201 gold pieces.


   Skills:
 - Level 1.5 Fighting
 + Level 8.4 Ranged Weapons
 - Level 2.4 Dodging
 - Level 1.2 Stealth


You had 4 spell levels left.
You didn't know any spells.
Your spell library was empty.

Inventory:

Hand Weapons
 Y - a +0 shortbow (weapon)
Armour
 c - a +0 leather armour (worn)
 e - a +0 ring mail
Jewellery
 d - a ring of poison resistance (left hand)
 g - a +5 ring of evasion (right hand)
Scrolls
 f - a scroll of enchant armour {unknown}
 i - a scroll of identify
Potions
 a - a potion of mutation {unknown}
 b - 2 potions of curing {unknown}
 h - a potion of cancellation {unknown}

Dungeon Overview and Level Annotations

Branches:
Dungeon (3/15)

Altars:


Message History

Enter note:
Enter note:
Enter note:
Enter note:
Enter note:
Enter note:
Enter note: You shoot an arrow.
The arrow hits the steam dragon but does no damage.
The steam dragon hisses angrily.
The steam dragon breathes steam at you. The ball of steam hits you!!
Ouch! That really hurt!
You're standing in a cloud of steam!
You are engulfed in a cloud of scalding steam.
1796 ||| Stepping ~*~*~tactically~*~*~ (cloud).
Enter note:
Enter note:
Enter note:
Enter note:
Enter note:
Enter note:
Enter note:
Enter note:
Enter note: You shoot an arrow.
The arrow hits the steam dragon.
The steam dragon is lightly wounded.
Enter note:
Enter note:
Enter note:
Enter note:
Enter note:
Enter note:
Enter note:
Enter note:
Enter note: You shoot an arrow.
The arrow hits the steam dragon.
The steam dragon is moderately wounded.
The steam dragon bites you.
You die...

### #[ ..# ##% #.# #..
#.# #.. ### #.# #.. ....
####.###### #.. .....
#.........#####..
......##.##..#.#........
......D@.##.)...........
......¤¤..##...#........
......#........#.###.#.>
....).#..........# #.#..
.###. ##..######## #.#..
#. #..# #.#.. # ....#
#.... ##.## ####. #.


You could see a steam dragon.

Vanquished Creatures
  An orc wizard (D:3)
  5 adders
  A worm (D:3)
  3 dart slugs
  10 orcs (D:3)
  5 ball pythons
  5 endoplasms
  A giant cockroach (D:3)
  3 goblins
  3 hobgoblins
  2 quokkas
  5 bats
  2 frilled lizards (D:2)
  7 kobolds
  2 rats
55 creatures vanquished.

Notes
Turn   | Place    | Note
-------+----------+-------------------------------------------
     0 | D:1      | qw the Deep Elf Hunter began the quest for the Orb.
     0 | D:1      | Reached XP level 1. HP: 12/12 MP: 3/3
     0 | D:1      | 0 ||| qw: Version: 0.3-a-9-g12657ce
     0 | D:1      | 0 ||| qw: Game counter: 2002
     0 | D:1      | 0 ||| qw: Always use a shield: true
     0 | D:1      | 0 ||| qw: God list: Okawaru
     0 | D:1      | 0 ||| qw: Allow faded altars: false
     0 | D:1      | 0 ||| qw: Do Orc after D:15 true
     0 | D:1      | 0 ||| qw: Do second Lair branch before Depths: true
     0 | D:1      | 0 ||| qw: Lair rune preference: random
     0 | D:1      | 0 ||| qw: Plans: Normal
     0 | D:1      | 0 ||| PLANNING D:1-11
    97 | D:1      | Reached XP level 2. HP: 16/16 MP: 4/4
   178 | D:1      | Reached skill level 6 in Ranged Weapons
   373 | D:1      | 373 ||| UPGRADING to ring of poison resistance.
   374 | D:1      | 374 ||| UPGRADING to +5 ring of evasion.
   375 | D:1      | 375 ||| READING scroll labelled JYLERY OMAGIOPT.
   376 | D:1      | 376 ||| READING scroll labelled GUSINA CAMPICE.
   377 | D:1      | 377 ||| READING scroll labelled VYGHYE DYICHE.
   378 | D:1      | 378 ||| READING 2 scrolls labelled OKKIEM BOBB.
   379 | D:1      | 379 ||| READING scroll labelled ETOUCV HEMO.
   380 | D:1      | 380 ||| DROPPING scroll of butterflies.
   381 | D:1      | 381 ||| DROPPING scroll of blinking.
   556 | D:2      | Found a faded altar of an unknown god.
   570 | D:2      | Reached XP level 3. HP: 19/20 MP: 5/5
   835 | D:2      | Reached skill level 7 in Ranged Weapons
  1182 | D:2      | 1182 ||| READING 2 scrolls labelled CUROEK CYIXU.
  1183 | D:2      | 1183 ||| READING scroll labelled ADENUM KOGGIPS.
  1186 | D:2      | 1186 ||| DROPPING scroll of amnesia.
  1220 | D:3      | Reached XP level 4. HP: 25/25 MP: 6/6
  1372 | D:3      | Reached skill level 8 in Ranged Weapons
  1554 | D:3      | Reached XP level 5. HP: 19/29 MP: 7/7
  1793 | D:3      | Noticed a steam dragon
  1795 | D:3      | HP: 4/29 [something] (7)]
  1796 | D:3      | 1796 ||| Stepping ~*~*~tactically~*~*~ (cloud).
  1798 | D:3      | Slain by a steam dragon

Levels and vault maps discovered:
D:1:      roderic_chinese_lattice_arrival, layout_rooms
D:2:      layout_loops_corners, shapermc_ecumenical_altar_mp_ritualfount,
          minmay_misc_feat_iff, hangedman_decor_riveting
D:3:      layout_loops_cross

Skill      XL: |  1  2  3  4 |
---------------+-------------+-----
Ranged Weapons | 6 7 8 |  8.4
Fighting       | |  1.5
Dodging        | |  2.4
Stealth        | |  1.2

Action                     |  1- 3 |  4- 6 || total
---------------------------+-------+-------++-------
   Fire: Shortbow          |    97 |    79 ||   176
    Use: Scroll            |     7 |       ||     7
 Armour: Leather armour    |     7 |     6 ||    13
  Dodge: Dodged            |    33 |    16 ||    49

Table legend:
 A = Non-vault XP
 B = Vault XP
 C = Vault XP percentage of total XP
 D = Non-vault monster count
 E = Vault monster count
 F = Vault count percentage of total count
                 A         B        C        D         E       F
            +---------+---------+-------+---------+---------+-------
      Total |     207 |       0 |   0.0 |      55 |       0 |   0.0
            +---------+---------+-------+---------+---------+-------
        D:1 |      32 |       0 |   0.0 |      17 |       0 |   0.0
        D:2 |      48 |       0 |   0.0 |      13 |       0 |   0.0
        D:3 |     127 |       0 |   0.0 |      25 |       0 |   0.0
            +---------+---------+-------+---------+---------+-------
